[Event "Titled Tuesday Blitz August 15 Early 2023"]
[White "Wagner, Dennis"]
[Black "Deac, Bogdan-Daniel"]
[WhiteFideId "24650684"]
[BlackFideId "1226380"]
[WhiteElo "2780"]
[BlackElo "3012"]
[Result "0-1"]
[Round "9"]
[TimeControl "180+1"]
[Date "2023.08.15"]
[WhiteClock "0:00:00"]
[BlackClock "0:00:05"]
[Board "17"]

1. d4 Nf6 2. Nf3 d5 3. c4 e6 4. g3 dxc4 5. Bg2 Bd7 6. O-O Bc6 7. Qc2 b5 8. Nc3 Bb4 9. a4 bxa4 10. Nxa4 a5 11. Qxc4 Bd5 12. Qc2 Be4 13. Qc4 Bd5 14. Qc2 O-O 15. Bf4 Nc6 16. Rfd1 Bxf3 17. Bxf3 Nxd4 18. Rxd4 Qxd4 19. Rd1 Qa7 20. Bxa8 Qxa8 21. Bxc7 Qb7 22. Be5 Ng4 23. Bc3 h5 24. Bxb4 Qxb4 25. Nc3 Rb8 26. Ra1 g6 27. Ra4 Qb6 28. e3 Qxb2 29. Qxb2 Rxb2 30. Ne4 Rb5 31. Nc3 Rc5 32. Ne4 Rb5 33. Nc3 Rb3 34. Ne4 Rb4 35. Rxa5 Rxe4 36. f3 Rxe3 37. fxg4 hxg4 38. Rg5 Re4 39. Rb5 Kg7 40. Kf2 f5 41. Rb7+ Kf6 42. Rh7 Ra4 43. h3 Ra2+ 44. Kf1 gxh3 45. Rxh3 Kg5 46. Rh4 e5 47. Rb4 e4 48. Rb6 Rd2 49. Rc6 Ra2 50. Rb6 Kh5 51. Rc6 g5 52. Rc3 Kg4 53. Re3 Ra4 54. Kg2 f4 55. gxf4 gxf4 56. Rb3 Ra2+ 57. Kf1 e3 58. Rb5 Kf3 59. Rb1 Rg2 60. Re1 e2+ 61. Rxe2 Rxe2 0-1


[Site "https://www.chess.com"]

[Event "Titled Tuesday Blitz August 15 Early 2023"]
[White "Rustemov, Alexander"]
[Black "Sadhwani, Raunak"]
[WhiteFideId "4119002"]
[BlackFideId "35093487"]
[WhiteElo "2776"]
[BlackElo "2998"]
[Result "0-1"]
[Round "9"]
[TimeControl "180+1"]
[Date "2023.08.15"]
[WhiteClock "0:00:00"]
[BlackClock "0:00:42"]
[Board "18"]

1. d4 Nf6 2. c4 g6 3. Nf3 Bg7 4. g3 O-O 5. Bg2 d6 6. Nc3 c6 7. O-O Bf5 8. Nh4 Be6 9. d5 cxd5 10. cxd5 Bd7 11. Be3 Na6 12. Bd4 Rc8 13. e4 Nc5 14. Re1 a5 15. f4 b5 16. e5 Ng4 17. h3 Nh6 18. g4 b4 19. Ne4 Nxe4 20. Bxe4 e6 21. g5 dxe5 22. gxh6 Bf6 23. Bxe5 Bxe5 24. fxe5 Qxh4 25. Qg4 Qxh6 26. d6 Qd2 27. Re2 Qd4+ 28. Kh1 Rc5 29. Bf3 Qxg4 30. Bxg4 Bc6+ 31. Kh2 h5 32. Bxh5 gxh5 33. Rg1+ Kh7 34. Rg5 f6 35. Rxh5+ Kg6 36. Rh4 Rxe5 37. Rc2 Bd7 38. Rg2+ Rg5 39. Rc2 e5 40. Rc7 Rf7 41. Rh8 Kf5 42. h4 Rgg7 0-1


[Site "https://www.chess.com"]

[Event "Titled Tuesday Blitz August 15 Early 2023"]
[White "Drygalov, Sergey"]
[Black "Srihari L R"]
[WhiteFideId "24171743"]
[BlackFideId "46617116"]
[WhiteElo "2991"]
[BlackElo "2769"]
[Result "1-0"]
[Round "9"]
[TimeControl "180+1"]
[Date "2023.08.15"]
[WhiteClock "0:01:30"]
[BlackClock "0:00:54"]
[Board "19"]

1. d4 d5 2. c4 c6 3. Nf3 Nf6 4. Nc3 dxc4 5. a4 e6 6. e4 Bb4 7. e5 Nd5 8. Bd2 Bxc3 9. bxc3 b5 10. Ng5 h6 11. Qh5 g6 12. Qh3 b4 13. Ne4 bxc3 14. Bxc3 Nxc3 15. Qxc3 O-O 16. Bxc4 Ba6 17. O-O Kg7 18. Rfc1 Bxc4 19. Qxc4 Qd5 20. Qxd5 cxd5 21. Nd6 Na6 22. Rc6 Nb4 23. Rc7 a5 24. Rac1 Rab8 25. g3 Na6 26. Ra7 Ra8 27. Re7 g5 28. Rc6 Kg6 29. g4 Nb4 30. Rcc7 Nd3 31. Rxf7 Rxf7 32. Rxf7 Nf4 33. h4 h5 34. Rf6+ Kg7 35. gxh5 Nxh5 36. Rxe6 gxh4 37. Nf5+ Kf7 38. Rh6 Nf4 39. Rf6+ 1-0


[Site "https://www.chess.com"]

[Event "Titled Tuesday Blitz August 15 Early 2023"]
[White "Badmatsyrenov, Oleg"]
[Black "Svane, Rasmus"]
[WhiteFideId "24115762"]
[BlackFideId "4657101"]
[WhiteElo "2753"]
[BlackElo "2981"]
[Result "1-0"]
[Round "9"]
[TimeControl "180+1"]
[Date "2023.08.15"]
[WhiteClock "0:00:39"]
[BlackClock "0:00:41"]
[Board "20"]

1. e4 c6 2. d4 d5 3. Nc3 dxe4 4. Bc4 Nf6 5. f3 Bf5 6. g4 Bg6 7. g5 Nd5 8. fxe4 Nxc3 9. bxc3 e5 10. Nf3 exd4 11. cxd4 Bb4+ 12. Bd2 Bxd2+ 13. Qxd2 Bxe4 14. Bxf7+ Kxf7 15. Qf4+ Ke8 16. Qxe4+ Qe7 17. Qxe7+ Kxe7 18. O-O Nd7 19. Rae1+ Kd6 20. c4 Rae8 21. Nd2 Rxe1 22. Rxe1 Rf8 23. Ne4+ Kc7 24. Kg2 Rf5 25. h4 Ra5 26. Re2 Ra4 27. Rc2 Ra3 28. c5 Nf8 29. Rf2 Ne6 30. Rf7+ Kd8 31. Rxb7 Rxa2+ 32. Kg3 Ra4 33. Nd6 Rxd4 34. Rxa7 Nxc5 35. Nf7+ Ke8 36. Ne5 Nd7 37. Ra8+ Nb8 38. Rxb8+ Rd8 39. Rxd8+ Kxd8 40. Nxc6+ Kd7 41. Nd4 Ke7 42. Kf4 Kf7 43. Kf5 g6+ 44. Ke5 Kg7 45. Ke6 h6 46. Ke7 hxg5 47. hxg5 Kh7 48. Kf7 Kh8 49. Kxg6 Kg8 50. Kh6 Kh8 51. g6 Kg8 52. g7 Kf7 53. Kh7 Kf6 54. g8=Q Ke5 55. Qe6+ Kf4 56. Qf5+ Ke3 57. Qf3+ Kd2 58. Nc6 Kc2 59. Kg6 Kd2 60. Kf5 Ke1 61. Ke4 Kd2 62. Kd4 Ke1 63. Qg2 Kd1 64. Kd3 Kc1 65. Qc2# 1-0


[Site "https://www.chess.com"]

[Event "Titled Tuesday Blitz August 15 Early 2023"]
[White "Terry, Renato"]
[Black "Kuznetsov, Felix"]
[WhiteFideId "3803457"]
[BlackFideId "34147990"]
[WhiteElo "2937"]
[BlackElo "2720"]
[Result "1-0"]
[Round "9"]
[TimeControl "180+1"]
[Date "2023.08.15"]
[WhiteClock "0:00:04"]
[BlackClock "0:00:00"]
[Board "21"]

1. d4 Nf6 2. Nf3 e6 3. c4 d5 4. e3 dxc4 5. Bxc4 a6 6. O-O b5 7. Bd3 Bb7 8. Qe2 c5 9. dxc5 Bxc5 10. Bxb5+ Nbd7 11. Ba4 O-O 12. Nbd2 Qa5 13. Bc2 Rac8 14. Nb3 Qc7 15. Bd3 Bd6 16. h3 Ne5 17. Nxe5 Bxe5 18. Bxa6 Bxa6 19. Qxa6 Qc2 20. Nd4 Bxd4 21. exd4 Nd5 22. a3 Rc4 23. Be3 Nxe3 24. fxe3 Qd3 25. Kh2 Rfc8 26. Rac1 h5 27. Qxc8+ Rxc8 28. Rxc8+ Kh7 29. Rxf7 Qxe3 30. Rcc7 Qxd4 31. Rxg7+ Kh6 32. Rh7+ Kg6 33. Rcg7+ Kf6 34. Rg3 h4 35. Rh6+ Ke7 36. Rh7+ Kd6 37. Rf3 Qe5+ 38. Kg1 Qc5+ 39. Kh1 Qc1+ 40. Kh2 Qe1 41. Rd3+ Kc6 42. Rf7 Qe5+ 43. Kg1 Qxb2 44. Rf1 Qe2 45. Rfd1 e5 46. Rd6+ Kc5 47. R6d2 Qe3+ 48. Kf1 Qf4+ 49. Rf2 Qc4+ 50. Re2 Qf4+ 51. Kg1 e4 52. Rde1 Qf6 53. Rxe4 Qb2 54. R4e3 Kd4 55. Kh1 Qd2 56. Re8 Qb2 57. Rd8+ Kc5 58. Rc8+ Kd6 59. Rd8+ Kc7 60. Rd3 Qf2 61. Rde3 Qd2 62. Re4 Qd3 63. R1e3 Qd1+ 64. Kh2 Qd6+ 65. Kg1 Qd1+ 66. Re1 Qd2 67. Kf1 Qd3+ 68. Kf2 Qxa3 69. R1e3 Qb2+ 70. Kf3 Qf6+ 71. Rf4 Qg5 72. Rg4 Qf5+ 73. Rf4 Qg5 74. Rf7+ Kd6 75. Kf2 Qg6 76. Rf4 Qg5 77. Ree4 Qg3+ 78. Kf1 Qd3+ 79. Kg1 Kd5 80. Rxh4 Qd1+ 81. Kh2 Qf1 82. Ref4 Qe1 83. Rh5+ Kd6 84. Rhf5 Ke6 85. Rf8 Ke7 86. R4f7+ Kd6 87. Rf6+ Ke7 88. R8f7+ Ke8 89. Rf5 Qe3 90. h4 Qd4 91. Kh3 Qe3+ 92. g3 Qe1 93. Rf1 Qe4 94. R7f5 Qd3 95. Re5+ Kd7 96. Rf4 Qd1 97. Ree4 Qh1+ 98. Kg4 Qd1+ 99. Kg5 Qd3 100. g4 Qc3 101. Rf7+ Kd8 102. Ref4 Qe5+ 103. R4f5 Qe3+ 104. Kg6 Qe6+ 105. Kh5 Qd6 106. g5 1-0


[Site "https://www.chess.com"]

[Event "Titled Tuesday Blitz August 15 Early 2023"]
[White "Matinian, Nikita"]
[Black "Drygalov, Andrey"]
[WhiteFideId "24129100"]
[BlackFideId "24171735"]
[WhiteElo "2707"]
[BlackElo "2932"]
[Result "1-0"]
[Round "9"]
[TimeControl "180+1"]
[Date "2023.08.15"]
[WhiteClock "0:00:09"]
[BlackClock "0:00:00"]
[Board "22"]

1. e4 c5 2. Nf3 d6 3. d4 cxd4 4. Nxd4 Nf6 5. Nc3 a6 6. h3 e5 7. Nb3 Be7 8. g4 h6 9. Be3 b5 10. a4 b4 11. Nd5 Nbd7 12. Nxb4 Bb7 13. Bg2 O-O 14. Qd3 Qc7 15. a5 Rfc8 16. O-O Nc5 17. Nxc5 dxc5 18. Nd5 Nxd5 19. exd5 c4 20. Qe4 Bd6 21. Bb6 Qd7 22. b3 cxb3 23. cxb3 Qb5 24. Rab1 Rc3 25. Qa4 Qxa4 26. bxa4 Bc8 27. Rfc1 Rxc1+ 28. Rxc1 Bd7 29. Rc4 Kf8 30. Be4 Ke7 31. Kg2 g6 32. Bd3 f5 33. f3 Kf6 34. Bc7 Ke7 35. Bxd6+ Kxd6 36. Rb4 Kxd5 37. Rb6 e4 38. Bxa6 Ke5 39. Bb5 Be6 40. fxe4 fxe4 41. a6 Bd5 42. Bc6 Bxc6 43. Rxc6 g5 44. Kf2 Kf4 45. Rf6+ Ke5 46. Rxh6 Rf8+ 47. Ke2 Ra8 48. Rg6 Kf4 49. Rh6 Ke5 50. Ke3 Rf8 51. Rg6 Rf3+ 52. Ke2 Ra3 53. Rxg5+ Kf4 54. Ra5 Ra2+ 55. Kd1 e3 56. a7 e2+ 57. Ke1 Ke3 58. Re5+ Kd3 59. a8=Q Ra1+ 60. Kf2 Rf1+ 61. Kg2 1-0


[Site "https://www.chess.com"]

[Event "Titled Tuesday Blitz August 15 Early 2023"]
[White "Durarbayli, Vasif"]
[Black "Lana Rodriguez, David"]
[WhiteFideId "13402935"]
[BlackFideId "2270803"]
[WhiteElo "2878"]
[BlackElo "2624"]
[Result "1-0"]
[Round "9"]
[TimeControl "180+1"]
[Date "2023.08.15"]
[WhiteClock "0:01:14"]
[BlackClock "0:01:18"]
[Board "24"]

1. e4 e6 2. d4 d5 3. e5 c5 4. c3 Qb6 5. Nf3 Bd7 6. Bd3 Bb5 7. dxc5 Bxc5 8. b4 Bxd3 9. Qxd3 Bf8 10. Be3 Qc7 11. Na3 a6 12. O-O Ne7 13. c4 Nbc6 14. b5 Nxe5 15. Nxe5 Qxe5 16. Rfe1 Qf5 17. Qb3 dxc4 18. Nxc4 Nd5 19. bxa6 bxa6 20. Qa4+ Ke7 21. Bc5+ Kf6 22. Bd4+ Kg6 23. Ne5+ Kh6 24. g4 Qf4 25. Be3 1-0


[Site "https://www.chess.com"]

[Event "Titled Tuesday Blitz August 15 Early 2023"]
[White "Nakamura, Hikaru"]
[Black "Cherniaiev, Tykhon"]
[WhiteFideId "2016192"]
[BlackFideId "14182360"]
[WhiteElo "3232"]
[BlackElo "2798"]
[Result "1-0"]
[Round "9"]
[TimeControl "180+1"]
[Date "2023.08.15"]
[WhiteClock "0:00:13"]
[BlackClock "0:00:06"]
[Board "25"]

1. b3 e5 2. Bb2 Nc6 3. e3 Nf6 4. Bb5 Bd6 5. d3 O-O 6. Bxc6 dxc6 7. Nd2 Bg4 8. Ne2 Re8 9. h3 Bh5 10. e4 Qe7 11. Nc4 Rad8 12. Qc1 Bb4+ 13. Kf1 Bxe2+ 14. Kxe2 Nd7 15. h4 f6 16. h5 h6 17. Ne3 Nf8 18. Nf5 Qf7 19. g3 Ne6 20. Kf1 Bc5 21. Kg2 Bd4 22. c3 Bb6 23. Qc2 Rd7 24. Rad1 Red8 25. Bc1 Qe8 26. Qe2 Kh7 27. b4 a5 28. a3 axb4 29. axb4 Ra8 30. Rd2 Qf7 31. Qg4 Rad8 32. Rhd1 c5 33. bxc5 Nxc5 34. Qe2 Nb3 35. Rc2 Ra8 36. Be3 Nc5 37. Bxc5 Bxc5 38. d4 exd4 39. cxd4 Bb6 40. Qg4 Re8 41. Re2 c6 42. f3 Red8 43. Red2 Ba5 44. Rd3 Bb6 45. Kh3 Ba7 46. f4 Bb8 47. d5 cxd5 48. exd5 Bd6 49. Nh4 b5 50. Qg6+ Qxg6 51. hxg6+ Kg8 52. Nf5 Bf8 53. d6 b4 54. Kg4 Rb8 55. Kf3 Rb5 56. g4 b3 57. Rb1 b2 58. Rd2 Rb3+ 59. Kg2 Rb4 60. Rdxb2 Rxf4 61. Rb8 Rxf5 62. gxf5 Rxd6 63. Rc1 Rd2+ 64. Kf1 Rd5 65. Rcc8 Rxf5+ 66. Ke2 Rg5 67. Rxf8# 1-0


[Site "https://www.chess.com"]

[Event "Titled Tuesday Blitz August 15 Early 2023"]
[White "Sarana, Alexey"]
[Black "Dimitrov, Atanas"]
[WhiteFideId "24133795"]
[BlackFideId "2901315"]
[WhiteElo "3071"]
[BlackElo "2736"]
[Result "1-0"]
[Round "9"]
[TimeControl "180+1"]
[Date "2023.08.15"]
[WhiteClock "0:00:43"]
[BlackClock "0:00:11"]
[Board "26"]

1. c4 e5 2. Nf3 e4 3. Nd4 g6 4. Nc3 Bg7 5. e3 f5 6. d3 exd3 7. Bxd3 Nf6 8. b3 O-O 9. Bb2 Nc6 10. Nf3 d6 11. O-O Kh8 12. Rc1 Be6 13. Ne2 Bg8 14. Nf4 Qe7 15. Nh4 Qf7 16. Nf3 Qe7 17. h4 Ng4 18. Bxg7+ Qxg7 19. Be2 Rae8 20. Qd2 a5 21. c5 d5 22. Bb5 Rd8 23. Bxc6 bxc6 24. Nd4 Qf6 25. g3 Ra8 26. Qc3 Ne5 27. Rfd1 Kg7 28. Kg2 Rfb8 29. h5 Bf7 30. Nxc6 Qxc6 31. Qxe5+ Kf8 32. h6 d4+ 33. f3 a4 34. Qg7+ Ke7 35. exd4 axb3 36. Re1+ Kd8 37. Qxf7 Rxa2+ 38. Kh3 Kc8 39. Re8+ Kb7 40. Rxb8+ Kxb8 41. Qxb3+ 1-0


[Site "https://www.chess.com"]

[Event "Titled Tuesday Blitz August 15 Early 2023"]
[White "Indjic, Aleksandar"]
[Black "Kosteniuk, Alexandra"]
[WhiteFideId "911925"]
[BlackFideId "4128125"]
[WhiteElo "3009"]
[BlackElo "2747"]
[Result "1-0"]
[Round "9"]
[TimeControl "180+1"]
[Date "2023.08.15"]
[WhiteClock "0:00:32"]
[BlackClock "0:00:00"]
[Board "27"]

1. e4 e5 2. Nf3 Nf6 3. Nc3 Nc6 4. Bb5 Nd4 5. O-O c6 6. Bd3 Nxf3+ 7. Qxf3 d6 8. Be2 g5 9. d3 Rg8 10. Qe3 Qb6 11. Qd2 c5 12. a3 Be6 13. b4 cxb4 14. axb4 Be7 15. Na4 Qc7 16. c4 g4 17. Nc3 Rg6 18. Qd1 a6 19. Be3 Nh5 20. g3 Kf8 21. b5 Kg8 22. Nd5 Bxd5 23. cxd5 Nf6 24. b6 Qd7 25. Rc1 Bd8 26. Rc4 h5 27. Qa4 Qxa4 28. Rxa4 Nd7 29. Rc1 Nxb6 30. Rb4 Nd7 31. Rxb7 Nc5 32. Bxc5 dxc5 33. Bd1 a5 34. Ba4 Rb6 35. Rxb6 Bxb6 36. Rb1 Ra6 37. d6 Bd8 38. d7 Kf8 39. Rb5 Rd6 40. Rxc5 f6 41. Bb5 Rd4 42. Kg2 Ke7 43. h3 Rd6 44. hxg4 hxg4 45. Rc3 Rd4 46. Rc8 Rd6 47. Ra8 Rd4 48. Ra6 Rd6 49. Rxd6 Kxd6 50. Kf1 Kc5 51. Ba4 Kb4 52. Bd1 Kc3 53. Ke2 Be7 54. Ke3 Bc5+ 55. Ke2 Bb6 56. Ba4 Kb4 57. Bc6 a4 58. f3 a3 59. Bd5 gxf3+ 60. Kxf3 Kc3 61. Kg4 Kb2 62. Kf5 Bd8 63. Ke6 a2 64. Bxa2 Kxa2 65. Kf7 Kb3 66. Ke8 Bb6 67. Ke7 Kc3 68. Kxf6 Kd4 69. g4 Bd8+ 70. Kf5 Be7 71. g5 1-0


[Site "https://www.chess.com"]

[Event "Titled Tuesday Blitz August 15 Early 2023"]
[White "Paravyan, David"]
[Black "Akobian, Varuzhan"]
[WhiteFideId "4194985"]
[BlackFideId "13300580"]
[WhiteElo "2992"]
[BlackElo "2733"]
[Result "0-1"]
[Round "9"]
[TimeControl "180+1"]
[Date "2023.08.15"]
[WhiteClock "0:00:01"]
[BlackClock "0:00:12"]
[Board "28"]

1. Nf3 Nf6 2. g3 d5 3. Bg2 c6 4. O-O Bg4 5. c4 e6 6. Qb3 Qb6 7. d3 Nbd7 8. Be3 Bc5 9. Bxc5 Nxc5 10. Qa3 O-O 11. Nc3 a5 12. Rac1 Rfc8 13. Ne5 Bh5 14. d4 Ncd7 15. e4 dxc4 16. Nxd7 Nxd7 17. h3 Qb4 18. g4 Bg6 19. f4 f6 20. f5 Bf7 21. Ne2 e5 22. Qe3 b5 23. g5 exd4 24. Nxd4 Qc5 25. gxf6 gxf6 26. Kh1 Kh8 27. Qh6 Qxd4 28. Rcd1 Qxb2 29. Rxd7 Rg8 30. Bf3 Rg7 31. Re7 Rag8 32. e5 Qe2 33. Qxg7+ Rxg7 34. Re8+ Bxe8 35. Bxe2 fxe5 36. f6 Rf7 37. Bh5 Rf8 38. f7 Bxf7 39. Bxf7 Kg7 40. Bxc4 bxc4 41. Rg1+ Kf6 42. Rc1 Ke6 43. Rxc4 Kd5 44. Ra4 c5 45. Rxa5 e4 46. Ra7 e3 47. Kg2 c4 48. Rd7+ Ke4 49. Rxh7 c3 50. Re7+ Kd3 51. Rd7+ Kc2 52. Re7 Kd2 53. Rd7+ Ke1 54. Rd3 e2 55. h4 c2 0-1


[Site "https://www.chess.com"]

[Event "Titled Tuesday Blitz August 15 Early 2023"]
[White "Papasimakopoulos, Alexandros"]
[Black "Chigaev, Maksim"]
[WhiteFideId "4244125"]
[BlackFideId "4108116"]
[WhiteElo "2703"]
[BlackElo "2944"]
[Result "0-1"]
[Round "9"]
[TimeControl "180+1"]
[Date "2023.08.15"]
[WhiteClock "0:00:33"]
[BlackClock "0:00:13"]
[Board "29"]

1. d4 Nf6 2. c4 e6 3. Nc3 Bb4 4. Qc2 O-O 5. a3 Bxc3+ 6. Qxc3 b5 7. cxb5 c6 8. Bg5 cxb5 9. e3 Bb7 10. Nf3 h6 11. Bh4 Nc6 12. Bxf6 Qxf6 13. Bxb5 Ne7 14. Be2 Be4 15. Qc7 Rfc8 16. Qe5 Qg6 17. Nh4 Qh7 18. O-O Rc2 19. Bf3 d5 20. Bxe4 Qxe4 21. Nf3 Rxb2 22. Rfc1 Ng6 23. Qxe4 dxe4 24. Ne5 Nxe5 25. dxe5 Rd8 26. Rd1 Rd3 27. g4 g5 28. Rxd3 exd3 29. Rd1 Rb3 30. a4 Kf8 31. Kg2 Ke7 32. Kf3 Kd7 33. Ke4 Kc6 34. f4 Rb4+ 35. Kf3 Rb3 36. Ke4 Kc5 37. Rc1+ Kb4 38. Rc7 d2 39. Rd7 Kc3 40. Kf3 Rb1 41. Rc7+ Kb3 42. Rd7 d1=Q+ 0-1


[Site "https://www.chess.com"]

[Event "Titled Tuesday Blitz August 15 Early 2023"]
[White "Kazakouski, Valery"]
[Black "Huschenbeth, Niclas"]
[WhiteFideId "13507443"]
[BlackFideId "24604747"]
[WhiteElo "2921"]
[BlackElo "2682"]
[Result "1-0"]
[Round "9"]
[TimeControl "180+1"]
[Date "2023.08.15"]
[WhiteClock "0:01:19"]
[BlackClock "0:00:06"]
[Board "30"]

1. Nf3 d5 2. c4 d4 3. b4 Nf6 4. Qb3 c5 5. e3 dxe3 6. fxe3 cxb4 7. d4 e6 8. Bd3 Nc6 9. O-O Be7 10. Bb2 O-O 11. Nbd2 a5 12. Rae1 a4 13. Qd1 b3 14. axb3 a3 15. Ba1 Nb4 16. Ne5 Nxd3 17. Nxd3 b5 18. e4 bxc4 19. bxc4 Bb7 20. e5 Nd7 21. Ne4 Qc7 22. c5 Ba6 23. Rf4 Rab8 24. Nd6 Bxd6 25. exd6 Qc6 26. d5 Qxd5 27. Rd4 Qb3 28. c6 Qxd1 29. Rxd1 Bxd3 30. R4xd3 Ne5 31. Bxe5 1-0


[Site "https://www.chess.com"]

[Event "Titled Tuesday Blitz August 15 Early 2023"]
[White "Demchenko, Anton"]
[Black "Dehtiarov, Roman"]
[WhiteFideId "4160258"]
[BlackFideId "14186640"]
[WhiteElo "2902"]
[BlackElo "2672"]
[Result "1-0"]
[Round "9"]
[TimeControl "180+1"]
[Date "2023.08.15"]
[WhiteClock "0:00:14"]
[BlackClock "0:00:00"]
[Board "31"]

1. e4 e5 2. Nf3 Nc6 3. Bc4 Bc5 4. d3 Nf6 5. O-O d6 6. c3 a6 7. Nbd2 Ba7 8. Bb3 h6 9. Re1 O-O 10. Nf1 Be6 11. Ng3 Qd7 12. Bc2 Rad8 13. Qe2 Rfe8 14. h3 d5 15. Rd1 Re7 16. Kh2 Qd6 17. Nh4 Red7 18. Qf3 Nh7 19. Nhf5 Qf8 20. Re1 Kh8 21. a4 Ne7 22. b4 Ng6 23. b5 axb5 24. axb5 Bb6 25. Nh5 f6 26. Ba3 Qe8 27. Qg4 Bf7 28. Nhxg7 Qg8 29. Nh5 Bxf2 30. Rf1 Bb6 31. Nxh6 Qf8 32. Bxf8 1-0


[Site "https://www.chess.com"]

[Event "Titled Tuesday Blitz August 15 Early 2023"]
[White "Pert, Richard G"]
[Black "Galchenko, Matvey"]
[WhiteFideId "404748"]
[BlackFideId "24175480"]
[WhiteElo "2640"]
[BlackElo "2897"]
[Result "1-0"]
[Round "9"]
[TimeControl "180+1"]
[Date "2023.08.15"]
[WhiteClock "0:00:54"]
[BlackClock "0:00:26"]
[Board "32"]

1. d4 Nf6 2. Bg5 Ne4 3. Bf4 c5 4. f3 Qa5+ 5. c3 Nf6 6. d5 e6 7. e4 exd5 8. exd5 d6 9. Qd2 Be7 10. c4 Qc7 11. Nc3 Bf5 12. Bd3 Bxd3 13. Qxd3 O-O 14. Nge2 a6 15. a4 Re8 16. O-O Nbd7 17. Ng3 Bf8 18. Rfe1 g6 19. Nge4 Nxe4 20. Nxe4 h6 21. g4 Qb6 22. Re2 Bg7 23. Nxd6 Ne5 24. Bxe5 Rxe5 25. Ne4 Rae8 26. Rae1 Qb4 27. Kg2 f5 28. gxf5 gxf5 29. Nd6 Rxe2+ 30. Rxe2 Rxe2+ 31. Qxe2 Bxb2 32. Qe6+ Kh7 33. Qxf5+ Kh8 34. Qc8+ Kg7 35. Qxb7+ Qxb7 36. Nxb7 Bd4 37. d6 Kf6 38. d7 1-0


[Site "https://www.chess.com"]

[Event "Titled Tuesday Blitz August 15 Early 2023"]
[White "Moskalenko, Alexander"]
[Black "Di Nicolantonio, Lucas"]
[WhiteFideId "4155351"]
[BlackFideId "680460"]
[WhiteElo "2890"]
[BlackElo "2617"]
[Result "1-0"]
[Round "9"]
[TimeControl "180+1"]
[Date "2023.08.15"]
[WhiteClock "0:01:31"]
[BlackClock "0:00:21"]
[Board "33"]

1. c4 c6 2. Nf3 d5 3. d4 Nf6 4. Nc3 e6 5. Bg5 h6 6. Bxf6 Qxf6 7. e3 g6 8. Ne5 Bg7 9. Qc2 O-O 10. h4 Nd7 11. f4 dxc4 12. Bxc4 b5 13. Bd3 Nxe5 14. dxe5 Qe7 15. Ne4 Rd8 16. O-O-O c5 17. Qxc5 Qb7 18. Qxb5 Rb8 19. Qxb7 Bxb7 20. Bc2 Rdc8 21. Nd6 Rc7 22. Nxb7 Rcxb7 23. Bb3 Rc7+ 24. Kb1 Bf8 25. h5 g5 26. Rhf1 Bc5 27. Rd3 gxf4 28. exf4 a5 29. f5 Rb6 30. fxe6 fxe6 31. Rf6 Be7 32. Rg3+ Kh7 33. Bc2+ Rxc2 34. Rf7+ Kh8 35. Kxc2 1-0


[Site "https://www.chess.com"]

[Event "Titled Tuesday Blitz August 15 Early 2023"]
[White "Lysyj, Igor"]
[Black "Thecourseoisildur"]
[WhiteFideId "4150120"]
[WhiteElo "2873"]
[BlackElo "2576"]
[Result "1-0"]
[Round "9"]
[TimeControl "180+1"]
[Date "2023.08.15"]
[WhiteClock "0:02:15"]
[BlackClock "0:01:50"]
[Board "34"]

1. d4 Nf6 2. c4 g6 3. Nc3 d5 4. cxd5 Nxd5 5. e4 Nxc3 6. bxc3 Bg7 7. Nf3 c5 8. Bb5+ Bd7 9. Rb1 Qa5 10. Bxd7+ Nxd7 11. O-O b6 12. Qb3 O-O 13. e5 cxd4 14. cxd4 e6 15. Bd2 Qxe5 16. dxe5 1-0


[Site "https://www.chess.com"]

[Event "Titled Tuesday Blitz August 15 Early 2023"]
[White "Timofeev, Artyom"]
[Black "Shapiro, Viktor"]
[WhiteFideId "4140419"]
[BlackFideId "4175700"]
[WhiteElo "2833"]
[BlackElo "2568"]
[Result "1-0"]
[Round "9"]
[TimeControl "180+1"]
[Date "2023.08.15"]
[WhiteClock "0:00:32"]
[BlackClock "0:00:31"]
[Board "35"]

1. c4 Nf6 2. Nc3 c5 3. Nf3 Nc6 4. e4 d6 5. Be2 e6 6. O-O a6 7. d4 cxd4 8. Nxd4 Bd7 9. Be3 Rc8 10. Rc1 Be7 11. Qd2 O-O 12. Rfd1 Qc7 13. f3 Rfe8 14. Kh1 Qb8 15. Bf1 Ne5 16. b3 h5 17. Bf2 Ng6 18. Qe1 d5 19. Bg3 Bd6 20. Bxd6 Qxd6 21. Nde2 Qa3 22. cxd5 exd5 23. Nxd5 Nxd5 24. Rxd5 Bc6 25. Rxh5 Qxa2 26. Nd4 Nf4 27. Ra5 Qb2 28. Rd1 Bb5 29. Nxb5 axb5 30. Qd2 Qxb3 31. Rxb5 Qa4 32. Rb4 Qa5 33. Rxb7 Qxd2 34. Rxd2 Rc1 35. Kg1 f5 36. Rb4 fxe4 37. Rxe4 Rxe4 38. fxe4 Kf7 39. Kf2 Ke6 40. g3 Ng6 41. Bh3+ Ke7 42. Rd7+ Kf6 43. Rd6+ Kg5 44. Bf5 Ne5 45. h4+ Kh5 46. Rd5 Ng4+ 47. Bxg4+ Kxg4 48. Rg5+ Kh3 49. Rxg7 Rc2+ 50. Kf3 Rc3+ 51. Kf4 1-0


[Site "https://www.chess.com"]

[Event "Titled Tuesday Blitz August 15 Early 2023"]
[White "Pakleza, Zbigniew"]
[Black "Ordekalog"]
[WhiteFideId "1119290"]
[WhiteElo "2820"]
[BlackElo "2550"]
[Result "1-0"]
[Round "9"]
[TimeControl "180+1"]
[Date "2023.08.15"]
[WhiteClock "0:00:05"]
[BlackClock "0:00:00"]
[Board "36"]

1. d4 d5 2. Bf4 e6 3. e3 c5 4. c3 Nf6 5. Nd2 Bd6 6. Bg3 O-O 7. Ngf3 Nc6 8. Bd3 Re8 9. Ne5 Bf8 10. f4 Ne7 11. Qf3 Nf5 12. Bf2 cxd4 13. exd4 Nd6 14. g4 Qb6 15. O-O-O a5 16. g5 Nfe4 17. Nxe4 dxe4 18. Bxe4 Nxe4 19. Qxe4 a4 20. a3 Qb3 21. Qc2 Qa2 22. h4 b5 23. h5 Bb7 24. g6 fxg6 25. hxg6 h6 26. Rhg1 b4 27. axb4 Bxb4 28. Kd2 Rec8 29. Ra1 Qd5 30. Rxa4 Ba5 31. f5 Bc6 32. Rc4 Bb5 33. Rxc8+ Rxc8 34. fxe6 Qxe6 35. Qe4 Bc6 36. Qg4 Qe8 37. Qf5 Rc7 38. Qf7+ Rxf7 39. gxf7+ Qxf7 40. Nxf7 Kxf7 41. b4 Bc7 42. c4 Be4 43. Kc3 g5 44. b5 Bf4 45. d5 h5 46. Bd4 h4 47. b6 h3 48. b7 h2 49. Ra1 h1=Q 50. Rxh1 Bxh1 51. Ba7 g4 52. b8=Q Bxb8 53. Bxb8 Bf3 54. Kd4 Bd1 55. c5 Ba4 56. c6 Ke7 57. Kc5 Bd1 58. Bg3 Bf3 59. d6+ Kd8 60. Bh4+ Ke8 61. d7+ 1-0


[Site "https://www.chess.com"]

[Event "Titled Tuesday Blitz August 15 Early 2023"]
[White "gmbenjaminbok"]
[Black "Molina, Roberto Junio Brito"]
[BlackFideId "2109450"]
[WhiteElo "2929"]
[BlackElo "2807"]
[Result "0-1"]
[Round "9"]
[TimeControl "180+1"]
[Date "2023.08.15"]
[WhiteClock "0:00:00"]
[BlackClock "0:00:07"]
[Board "37"]

1. d4 d5 2. c4 e6 3. Nc3 Nf6 4. cxd5 exd5 5. Bg5 c6 6. e3 Be7 7. Bd3 h6 8. Bh4 Nbd7 9. Nge2 Nh5 10. Bxe7 Qxe7 11. O-O O-O 12. Qc2 Nb6 13. Rab1 a5 14. a3 Be6 15. Rfc1 Nf6 16. Nf4 Nc8 17. b4 axb4 18. axb4 Nd6 19. b5 Rfc8 20. Qd1 c5 21. Be2 cxd4 22. Qxd4 Nf5 23. Qd2 Rd8 24. Nxe6 Qxe6 25. Bd3 Nd6 26. Ne2 Nc4 27. Qe1 Ne5 28. Bc2 Rac8 29. Nd4 Qb6 30. h3 Rc5 31. Bf5 g6 32. Rxc5 Qxc5 33. Rc1 Qb6 34. Bb1 Ra8 35. Qb4 Ned7 36. Bd3 h5 37. g3 Kg7 38. Kg2 h4 39. g4 Re8 40. Rc2 Ne5 41. Be2 Ne4 42. Bf3 Nd3 43. Qb1 Qf6 44. Bxe4 dxe4 45. Qa1 Kh7 46. Qa2 Ne1+ 47. Kf1 Nxc2 48. Qxc2 Qe5 49. Kg2 Rd8 50. Qc4 Rd7 51. Qc8 Re7 52. Qd8 Kg7 53. Qc8 Qf6 54. Qc4 Rd7 55. Qc2 Rxd4 56. exd4 Qxd4 57. Qc7 Qd5 58. Qc3+ Kh7 59. b6 e3+ 60. Kf1 Qd1+ 61. Kg2 e2 62. Qf3 Kg8 63. Qxb7 e1=Q 64. Qc8+ Kg7 0-1


[Site "https://www.chess.com"]

[Event "Titled Tuesday Blitz August 15 Early 2023"]
[White "Ter-Sahakyan, Samvel"]
[Black "Martinez Reyes, Pedro Ramon"]
[WhiteFideId "13302531"]
[BlackFideId "3901807"]
[WhiteElo "2825"]
[BlackElo "2530"]
[Result "1-0"]
[Round "9"]
[TimeControl "180+1"]
[Date "2023.08.15"]
[WhiteClock "0:00:50"]
[BlackClock "0:00:06"]
[Board "38"]

1. c4 e5 2. g3 Nf6 3. Bg2 d5 4. cxd5 Nxd5 5. Nc3 Nf6 6. Nf3 Nc6 7. O-O h6 8. a3 e4 9. Ne1 Bf5 10. Nc2 Bc5 11. b4 Bb6 12. Bb2 O-O 13. Ne3 Bg6 14. Na4 Bd4 15. Qc2 Re8 16. Nc5 Bxb2 17. Qxb2 b6 18. Nb3 a5 19. b5 Ne5 20. a4 h5 21. h3 Nd5 22. Nxd5 Qxd5 23. Rac1 h4 24. g4 Re7 25. d4 Nc4 26. Qc3 Nd6 27. Qc6 Qxb3 28. Qxa8+ Kh7 29. Qd8 Re6 30. Rxc7 e3 31. Qxh4+ Kg8 32. f4 f6 33. f5 1-0


[Site "https://www.chess.com"]